 Dungeon Crawl Stone Soup version 0.23.2-30-g0e89c35649 (webtiles) character file.

Game seed: 796527864608941981

18377 Folque the Geomancer (level 12, -1/85 HPs)
             Began as a Grey Draconian Earth Elementalist on June 23, 2019.
             Was an Elder of Sif Muna.
             Slain by an eight-headed hydra (3 damage)
             ... on level 4 of the Lair of Beasts on June 24, 2019.
             The game lasted 01:08:53 (15358 turns).

Folque the Geomancer (DrEE)                        Turns: 15358, Time: 01:08:53

Health: -1/85      AC: 15    Str: 14    XL:     12   Next: 27%
Magic:  19/25      EV: 13    Int: 21    God:    Sif Muna [****..]
Gold:   980        SH:  4    Dex: 11    Spells: 5/29 levels left

rFire    + . .     SeeInvis .   y - +4 trident (venom)
rCold    . . .     Gourm    .   z - +0 buckler
rNeg     . . .     Faith    .   (armour unavailable)
rPois    .         Spirit   .   (helmet restricted)
rElec    .         Reflect  .   K - +0 cloak
rCorr    .         Harm     .   n - +0 pair of gloves
MR       .....                  (no boots)
Stlth    +++.......             E - amulet of rage
HPRegen  0.24/turn              e - ring of protection from fire
MPRegen  0.19/turn              w - +3 ring of strength

@: very slightly contaminated, divine energy
A: walk through water, unfitting armour, unbreathing, cold-blooded, AC +13
a: Stop Divine Energy, Channel Magic, Forget Spell, Renounce Religion, Evoke
Berserk Rage


You were on level 4 of the Lair of Beasts.
You worshipped Sif Muna.
Sif Muna was greatly pleased with you.
You were hungry.

You visited 3 branches of the dungeon, and saw 15 of its levels.

You collected 980 gold pieces.

Inventory:

Hand Weapons
 l - a +0 dagger
 y - a +4 trident of venom (weapon)
Missiles
 a - 6 throwing nets (quivered)
 k - 153 stones
Armour
 n - a +0 pair of gloves (worn)
 z - a +0 buckler (worn)
 K - a +0 cloak (worn)
Jewellery
 b - an uncursed ring of ice
 e - a ring of protection from fire (left hand)
 w - a +3 ring of strength (right hand)
 E - an amulet of rage (around neck)
 N - an uncursed ring of positive energy
 Y - an uncursed ring of protection from fire
Wands
 d - a wand of paralysis (5)
 v - a wand of enslavement (18)
 G - a wand of disintegration (14)
 I - a wand of flame (13)
 M - a wand of digging (5)
 P - a wand of clouds (3)
 R - a wand of random effects (54)
 T - a wand of acid (8)
Scrolls
 g - a scroll of magic mapping {unknown}
 t - 4 scrolls of remove curse
 x - 6 scrolls of identify
 A - 5 scrolls of teleportation
 L - a scroll of torment {unknown}
 O - 2 scrolls of summoning {unknown}
 S - 2 scrolls of enchant armour {unknown}
 U - 2 scrolls of amnesia {unknown}
 V - 2 scrolls of enchant weapon {unknown}
 W - a scroll of fog {unknown}
Potions
 f - 10 potions of curing
 h - 3 potions of brilliance {unknown}
 i - 4 potions of degeneration {unknown}
 j - a potion of haste
 m - 4 potions of flight {unknown}
 o - a potion of ambrosia {unknown}
 p - 2 potions of invisibility
 r - 4 potions of mutation {unknown}
 s - 3 potions of agility {unknown}
 u - a potion of lignification {unknown}
 C - a potion of berserk rage {unknown}
 H - 2 potions of magic {unknown}
 J - a potion of heal wounds {unknown}
 X - a potion of cancellation {unknown}
Miscellaneous
 Q - a phantom mirror
Comestibles
 c - 18 rations


   Skills:
 - Level 2.0 Fighting
 - Level 4.1 Dodging
 - Level 7.0 Stealth
 - Level 4.2 Shields
 * Level 9.4 Spellcasting
 - Level 8.2 Conjurations
 - Level 4.0 Transmutations
 + Level 6.3 Fire Magic
 - Level 11.0 Earth Magic
 - Level 6.0 Invocations


You had 5 spell levels left.
You knew the following spells:

 Your Spells              Type           Power        Failure   Level  Hunger
a - Sandblast             Erth           ######       1%          1    None
b - Passwall              Tmut/Erth      #####...     1%          2    None
c - Stone Arrow           Conj/Erth      ######       1%          3    None
d - Lee's Rapid Deconstr  Erth           ######....   1%          5    #####..
e - Petrify               Tmut/Erth      #####...     3%          4    ##.....
f - Flame Tongue          Conj/Fire      #####        1%          1    None
g - Fireball              Conj/Fire      #####.....   10%         5    #####..
h - Conjure Flame         Conj/Fire      #####...     1%          3    None

Your spell library contained the following spells:

 Spells                   Type           Power        Failure   Level  Hunger
 Shock                    Conj/Air       ####         1%          1    None
 Throw Flame              Conj/Fire      #####.       1%          2    None
 Static Discharge         Conj/Air       ####....     3%          3    None
 Sticky Flame             Conj/Fire      #####...     3%          4    ##.....
 Inner Flame              Hex/Fire       ###.....     5%          3    None
 Bolt of Magma            Conj/Fire/Erth #####.....   6%          5    #####..
 Leda's Liquefaction      Hex/Erth       ####......   7%          4    ##.....
 Corpse Rot               Necr           N/A          11%         2    None
 Swiftness                Chrm/Air       #.......     11%         2    None
 Force Lance              Conj/Tloc      ####....     13%         4    ##.....
 Lightning Bolt           Conj/Air       ####......   34%         5    #####..
 Venom Bolt               Conj/Pois      ####......   34%         5    #####..
 Airstrike                Air            #.........   56%         4    ##.....
 Summon Forest            Summ/Tloc      #.........   88%         5    #####..
 Bolt of Fire             Conj/Fire      #####.....   47%         6    ######.
 Bolt of Cold             Conj/Ice       ####......   89%         6    ######.
 Conjure Ball Lightning   Conj/Air       ####......   89%         6    ######.
 Hydra Form               Tmut           ####......   90%         6    ######.
 Simulacrum               Ice/Necr       #.........   100%        6    ######.
 Summon Hydra             Summ           #.........   100%        7    #######


Dungeon Overview and Level Annotations

Branches:
Dungeon (11/15)            Temple (1/1) D:6            Lair (4/6) D:8
 Shoals (0/4) Lair:4          Orc (0/2) D:10
  Snake: Lair:2-4    Spider: Lair:2-4

Altars:
Ashenzari
Cheibriados
Dithmenos
Elyvilon
Fedhas
Gozag
Hepliaklqana
Kikubaaqudgha
Makhleb
Nemelex Xobeh
Okawaru
Qazlal
Ru
Sif Muna
Trog
Uskayaw
Vehumet
Wu Jian
Xom
Yredelemnul
Zin
The Shining One
Lugonu

Annotations:
D:2 1 runed translucent door, Crazy Yiuf
D:10 Nergalle


Innate Abilities, Weirdness & Mutations

You can walk through water.
Your dull iron-grey scales are very hard. (AC +13)
You cannot fit into any form of body armour.
You can survive without breathing.
You are cold-blooded and may be slowed by cold attacks.


Message History

Aiming: Passwall (safe; 1% risk of failure)
Press: ? - help, Dir - move target cursor, p - eight-headed hydra A rock wall.
You begin to meditate on the wall.
You continue meditating on the rock.
The eight-headed hydra barely misses you.
The eight-headed hydra closely misses you.
The eight-headed hydra bites you but does no damage.
The eight-headed hydra bites you.
* * * LOW HITPOINT WARNING * * *
The eight-headed hydra misses you. The eight-headed hydra bites you.
* * * LOW HITPOINT WARNING * * *
You block the eight-headed hydra's attack.
The eight-headed hydra bites you.
* * * LOW HITPOINT WARNING * * *
You continue meditating on the rock.
The eight-headed hydra bites you but does no damage.
The eight-headed hydra closely misses you. x2
You block the eight-headed hydra's attack.
The eight-headed hydra bites you.
You die...

...... ......
##..........
#...........
#...........
###........... ####
#@#.........#.
..[..#D............
...................
...................
................>[.....
.......................
.......................
.......................
......................#


You could see an eight-headed hydra.

Vanquished Creatures
  Harold (D:7)
  A hydra (Lair:3)
  Erolcha (D:9)
  A two-headed ogre (D:10)
  Maurice (D:8)
  A gargoyle (D:11)
  A torpor snail (Lair:3)
  4 komodo dragons
  A polar bear (Lair:4)
  2 trolls
  A hornet (D:10)
  Prince Ribbit (D:7)
  9 hippogriffs
  8 blink frogs (Lair:3)
  11 yaks
  Grum (D:8)
  3 hungry ghosts
  Menkaure (D:7)
  2 water moccasins
  7 porcupines
  2 sky beasts
  2 ice beasts
  8 orc warriors
  5 necrophages (Lair:4)
  A black bear (D:9)
  3 ogres
  4 wolves
  2 centaurs
  3 crocodiles
  4 big kobolds
  8 bullfrogs
  3 gnoll sergeants
  5 scorpions
  6 killer bees
  A wight (D:6)
  4 electric eels (Lair:1)
  2 howler monkeys (D:9)
  4 crimson imps
  2 jellies
  A quasit (D:5)
  10 orc priests
  4 centaur skeletons
  6 hounds
  A gnoll shaman (D:5)
  3 iguanas
  17 orc wizards
  9 worker ants
  A killer bee zombie (D:9)
  2 hound zombies
  A hound skeleton (D:10)
  A worker ant zombie (D:5)
  17 gnolls
  10 adders
  2 howler monkey skeletons
  2 shadow imps
  An ooze (D:5)
  2 adder skeletons
  3 worms
  4 dart slugs
  7 leopard geckos
  50 orcs
  4 ball pythons
  8 bats
  4 giant cockroaches
  16 hobgoblins
  16 jackals
  6 quokkas
  5 frilled lizards
  9 goblins
  22 kobolds
  A leopard gecko skeleton (D:7)
  5 rats
377 creatures vanquished.

Vanquished Creatures (others)
  A fungus (Lair:4)
  2 plants (D:6)
3 creatures vanquished.

Grand Total: 380 creatures vanquished

Notes
Turn   | Place    | Note
-------+----------+-------------------------------------------
     0 | D:1      | Folque the Draconian Earth Elementalist began the quest for
                  | the Orb.
     0 | D:1      | Reached XP level 1. HP: 14/14 MP: 3/3
   125 | D:1      | Reached skill level 1 in Fighting
   175 | D:1      | Reached XP level 2. HP: 20/23 MP: 5/5
   399 | D:1      | Learned a level 2 spell: Passwall
   751 | D:2      | Reached XP level 3. HP: 29/29 MP: 6/6
   790 | D:2      | Found a sacrificial altar of Ru.
   855 | D:2      | Reached XP level 4. HP: 7/36 MP: 1/8
   865 | D:2      | Learned a level 3 spell: Stone Arrow
  1197 | D:2      | Found an iron altar of Okawaru.
  1459 | D:2      | Reached skill level 1 in Conjurations
  1714 | D:2      | Found a runed translucent door.
  1715 | D:2      | Noticed Crazy Yiuf
  1955 | D:3      | Found a glowing silver altar of Zin.
  1973 | D:3      | Reached XP level 5. HP: 41/41 MP: 6/10
  2183 | D:3      | Reached skill level 4 in Earth Magic
  2184 | D:3      | Found a white marble altar of Elyvilon.
  2452 | D:3      | You fall through a shaft for 3 floors!
  2465 | D:6      | Found a sparkling altar of Nemelex Xobeh.
  2523 | D:6      | Reached XP level 6. HP: 23/48 MP: 0/11
  3018 | D:7      | Noticed Prince Ribbit
  3019 | D:7      | Noticed a hippogriff
  3024 | D:7      | Killed Prince Ribbit
  3024 | D:7      | Reached skill level 5 in Spellcasting
  3024 | D:7      | Your scales start taking on a dull iron-grey colour.
  3024 | D:7      | Reached skill level 6 in Earth Magic
  3024 | D:7      | Reached XP level 7. HP: 27/55 MP: 5/14
  3024 | D:7      | Gained mutation: You can survive without breathing. [Grey
                  | Draconian growth]
  3031 | D:7      | Learned a level 5 spell: Lee's Rapid Deconstruction
  3036 | D:7      | Learned a level 4 spell: Petrify
  3184 | D:7      | Killed a hippogriff
  3280 | D:7      | Noticed a hippogriff
  3286 | D:7      | Killed a hippogriff
  3393 | D:7      | Noticed a +0 dagger
  3393 | D:7      | Noticed a +0 hand axe
  3405 | D:7      | Reached XP level 8. HP: 50/61 MP: 2/15
  3459 | D:7      | Reached skill level 7 in Earth Magic
  3597 | D:7      | Noticed Harold
  3607 | D:6      | Found a hazy altar of Hepliaklqana.
  3795 | D:6      | Found a staircase to the Ecumenical Temple.
  3798 | D:6      | Reached skill level 8 in Earth Magic
  3819 | Temple   | Entered the Ecumenical Temple
  3859 | Temple   | Became a worshipper of Sif Muna the Loreminder
  3890 | D:5      | Entered Level 5 of the Dungeon
  4401 | D:5      | Reached * piety under Sif Muna
  4401 | D:5      | Reached skill level 9 in Earth Magic
  4519 | D:5      | Learned a level 1 spell: Flame Tongue
  4704 | D:5      | Reached skill level 1 in Fire Magic
  5055 | D:5      | Reached XP level 9. HP: 65/67 MP: 16/16
  5066 | D:5      | Reached skill level 5 in Conjurations
  5569 | D:6      | Reached skill level 1 in Invocations
  5796 | D:6      | Reached ** piety under Sif Muna
  6295 | D:6      | Reached skill level 1 in Shields
  7143 | D:7      | Noticed Menkaure
  7302 | D:7      | Killed Menkaure
  7438 | D:7      | Found a hide-covered altar of Uskayaw.
  7697 | D:7      | Killed Harold
  7697 | D:7      | Reached XP level 10. HP: 25/73 MP: 0/17
  8080 | D:8      | Noticed Maurice
  8103 | D:8      | Killed Maurice
  8103 | D:8      | Reached skill level 5 in Stealth
  8649 | D:8      | Found a staircase to the Lair.
  8743 | D:8      | Noticed Grum
  8770 | D:8      | Reached *** piety under Sif Muna
  8782 | D:8      | Reached skill level 10 in Earth Magic
  9479 | D:8      | Found a stormy altar of Qazlal.
  9479 | D:8      | Found an ancient bone altar of Kikubaaqudgha.
  9484 | D:8      | Found a shattered altar of Ashenzari.
  9486 | D:8      | Found a hazy altar of Hepliaklqana.
  9487 | D:8      | Found a snail-covered altar of Cheibriados.
  9525 | D:8      | Found an iron altar of Okawaru.
 10155 | D:9      | Found a bloodstained altar of Trog.
 10440 | D:9      | Found an opulent altar of Gozag.
 10467 | D:10     | Entered Level 10 of the Dungeon
 10467 | D:10     | Noticed Erolcha
 10472 | D:9      | Killed Erolcha
 10472 | D:9      | Reached skill level 11 in Earth Magic
 10472 | D:9      | Reached XP level 11. HP: 79/79 MP: 8/18
 10807 | D:10     | Learned a level 5 spell: Fireball
 11025 | D:10     | Reached **** piety under Sif Muna
 11365 | D:10     | Noticed a two-headed ogre
 11390 | D:10     | Killed a two-headed ogre
 11390 | D:10     | Reached skill level 5 in Invocations
 11673 | D:10     | Found a staircase to the Orcish Mines.
 12057 | D:11     | Noticed Nergalle
 12243 | D:8      | Killed Grum
 12257 | Lair:1   | Entered Level 1 of the Lair of Beasts
 13540 | Lair:2   | You fall through a shaft!
 13927 | Lair:3   | Reached skill level 5 in Fire Magic
 13935 | Lair:3   | Learned a level 3 spell: Conjure Flame
 14225 | Lair:3   | Noticed a five-headed hydra
 14228 | Lair:3   | Killed a five-headed hydra
 14228 | Lair:3   | Reached XP level 12. HP: 85/85 MP: 10/24
 14370 | Lair:3   | Reached ***** piety under Sif Muna
 14370 | Lair:3   | Identified Sif Muna's Guide on Freezing Conjuration (Sif
                  | Muna gifted it to you on level 3 of the Lair of Beasts)
 14370 | Lair:3   | Received a gift from Sif Muna
 15294 | Lair:4   | Found a staircase to the Shoals.
 15294 | Lair:4   | Noticed an eight-headed hydra
 15301 | Lair:4   | HP: 4/85 [eight-headed hydra (1)]
 15301 | Lair:4   | HP: 1/85 [eight-headed hydra (1)]
 15357 | Lair:4   | HP: 2/85 [eight-headed hydra (3)]
 15358 | Lair:4   | Slain by an eight-headed hydra

Skill      XL: |  1  2  3  4  5  6  7  8  9 10 11 12 |
---------------+-------------------------------------+-----
Fighting       | 1 2 |  2.0
Spellcasting   | 3 5 8 9 |  9.4
Conjurations   | 1 2 4 7 8 |  8.2
Earth Magic    | 4 6 9 11 | 11.0
Dodging        | 2 4 |  4.1
Transmutations | 3 4 |  4.0
Fire Magic     | 1 2 5 6 |  6.3
Invocations    | 3 6 |  6.0
Shields        | 3 4 |  4.2
Stealth        | 4 7 |  7.0

Action                   |  1- 3 |  4- 6 |  7- 9 | 10-12 || total
-------------------------+-------+-------+-------+-------++-------
Melee: Unarmed           |    27 |       |       |       ||    27
       Short sword       |    80 |    72 |       |       ||   152
       Tailslap          |     7 |    15 |    21 |    36 ||    79
       Dagger            |       |    84 |    93 |    82 ||   259
       Trident           |       |       |   121 |   254 ||   375
Throw: Throwing net      |       |       |     2 |       ||     2
 Cast: Sandblast         |    19 |    36 |    38 |    33 ||   126
       Passwall          |     1 |     1 |     4 |     8 ||    14
       Stone Arrow       |       |     9 |    73 |    98 ||   180
       Lee's Rapid Decon |       |       |    16 |    35 ||    51
       Petrify           |       |       |    18 |    37 ||    55
       Flame Tongue      |       |       |    14 |    12 ||    26
       Fireball          |       |       |       |     9 ||     9
       Conjure Flame     |       |       |       |     1 ||     1
Invok: Divine Energy     |       |       |     1 |       ||     1
       Channel Magic     |       |       |       |     1 ||     1
Evoke: Wand              |       |       |       |     2 ||     2
  Use: Scroll            |       |     2 |     5 |     2 ||     9
       Potion            |       |     3 |       |     2 ||     5
 Stab: Sleeping          |     1 |     6 |     1 |     9 ||    17
       Paralysed         |     1 |       |       |       ||     1
       Petrified         |       |       |    44 |    61 ||   105
       Petrifying        |       |       |     1 |     2 ||     3
       Held in net/web   |       |       |     1 |       ||     1
       Distracted        |       |       |       |     2 ||     2
  Eat: Chunk             |       |     7 |    24 |    36 ||    67
       Ration            |       |       |     1 |     4 ||     5
Armor: Skin              |    32 |    54 |    88 |   164 ||   338
Dodge: Dodged            |    89 |    96 |   145 |   275 ||   605
Block: Buckler           |       |       |     1 |    87 ||    88
